 Dungeon Crawl Stone Soup version 0.30.1-4-g462c640d31 (webtiles) character file.

Game seed: 8761201217401188964

3896 Zeor the Skirmisher (level 10, -12/64 HPs)
             Began as a Tengu Hunter on Aug 23, 2023.
             Was a Priest of Okawaru.
             Killed from afar by a rime drake (27 damage)
             ... with an icy flash freeze
             ... on level 9 of the Dungeon.
             The game lasted 00:20:11 (7048 turns).

Zeor the Skirmisher (Tengu Hunter)                  Turns: 7048, Time: 00:20:12

Health: -12/64     AC:  6    Str: 13    XL:     10   Next: 20%
Magic:  11/11      EV: 19    Int:  9    God:    Okawaru [***...]
Gold:   631        SH:  0    Dex: 21    Spells: 8/9 levels left

rFire   + . .        b - +7 dagger of Vanemm {speed, rF+}
rCold   . . .        (no shield)
rNeg    . . .        l - +3 leather armour
rPois   +            (helmet restricted)
rElec   .            f - scarf "Cekhlunuy" {+Inv, rPois}
rCorr   +            (no gloves)
SInv    .            (boots unavailable)
Will    +....        t - amulet of regeneration
Stlth   ++           d - ring of resist corrosion
HPRegen 1.10/turn    h - ring of willpower
MPRegen 0.12/turn

%: no passive effects
@: mighty, flying quickly and evasively, invisible, quick
A: beak, talons 3, nimble flight
a: Renounce Religion, Evoke Invisibility, Heroism


You were on level 9 of the Dungeon.
You worshipped Okawaru.
Okawaru was most pleased with you.
You visited 2 branches of the dungeon, and saw 10 of its levels.

You collected 631 gold pieces.

Inventory:

Hand Weapons
 a - a +0 arbalest of draining
 b - the +7 dagger of Vanemm (weapon) {speed, rF+}
   (You found it on level 6 of the Dungeon)

   rF:        It protects you from fire.
 q - a +2 dagger of holy wrath
 u - a +2 vampiric short sword
 v - a +0 shortbow
Missiles
 w - 5 atropa-tipped darts
Armour
 f - the scarf "Cekhlunuy" (worn) {+Inv, rPois}
   (You acquired it on level 3 of the Dungeon)

   rPois:     It protects you from poison.
 l - a +3 leather armour (worn)
Jewellery
 d - a ring of resist corrosion (left hand)
 h - a ring of willpower (right hand)
 t - an amulet of regeneration (around neck)
Wands
 r - a wand of polymorph (9)
Scrolls
 c - 4 scrolls of magic mapping
 i - 2 scrolls of immolation
 p - 4 scrolls of teleportation
Potions
 e - 2 potions of curing
 g - 4 potions of mutation
 j - a potion of brilliance
 m - 3 potions of haste
 n - 3 potions of might
 o - a potion of ambrosia
 s - a potion of attraction


   Skills:
 * Level 7.7 Fighting
 + Level 5.1 Short Blades
 + Level 10.8 Ranged Weapons
 + Level 3.2 Armour
 * Level 6.4 Dodging
 + Level 2.4 Stealth


You had 8 spell levels left.
You knew the following spells:

 Your Spells              Type           Power      Damage    Failure   Level
a - Apportation           Tloc           0%         N/A       45%         1

Your spell library contained the following spells:

 Spells                   Type           Power      Damage    Failure   Level
 Necrotise                Necr           0%         1d4       45%         1
 Blink                    Tloc           0%         N/A       61%         2
 Lesser Beckoning         Tloc           0%         N/A       61%         2
 Momentum Strike          Conj/Tloc      0%         3d8       61%         2
 Summon Small Mammal      Summ           Unusable   N/A       N/A         1

Dungeon Overview and Level Annotations

Branches:
Dungeon (9/15)             Temple (1/1) D:5
   Lair: D:8-11         Orc: D:9-12

Altars:
Ashenzari
Cheibriados
Dithmenos
Elyvilon
Fedhas
Gozag
Hepliaklqana
Kikubaaqudgha
Makhleb
Nemelex Xobeh
Okawaru
Qazlal
Ru
Sif Muna
Trog
Uskayaw
Vehumet
Wu Jian
Xom
Yredelemnul
Zin
The Shining One

Shops:
D:8 *


Innate Abilities, Weirdness & Mutations

You have a beak for a mouth.
You have claws for feet.
Your magical nature lets you fly swiftly and evasively.


Message History

The ice beast is lightly wounded.
A rime drake comes into view.
The ice beast misses you.
The rime drake hisses angrily.
You puncture the ice beast! You punch the ice beast!
The ice beast is almost dead.
You miss the wolf. Your peck misses the wolf. The wolf misses you.
The rime drake breathes ice at you. The icy flash freeze hits you!!
* * * LOW HITPOINT WARNING * * *
You are encased in ice.
The ice beast misses you.
Unknown command.
You barely miss the ice beast. Your punch misses the ice beast.
The ice beast is almost dead.
The wolf closely misses you.
You hit the ice beast.
You kill the ice beast!
Okawaru accepts your kill. The wolf bites you.
* * * LOW HITPOINT WARNING * * *
You puncture the wolf! Your kick misses the wolf.
You peck the wolf, but do no damage.
The wolf is heavily wounded.
The wolf barely misses you.
You miss the wolf.
The wolf is heavily wounded.
The wolf misses you.
You puncture the wolf! Your kick misses the wolf.
The wolf is almost dead.
You closely miss the wolf. You claw the wolf.
You kill the wolf!
Okawaru accepts your kill.
You fade into invisibility!
The ice encasing you melts away.
You puncture the rime drake! You peck the rime drake!
The rime drake is severely wounded.
The rime drake breathes ice at you. The icy flash freeze hits you!!
You die...

▒∙∙∙∙∙∙▒ ▒▒∙∙∙∙
▒∙∙∙∙∙∙▒∙▒∙∙∙∙∙~
▒∙∙∙∙∙∙■∙∙∙∙$†∙∙
▒∙∙∙∙∙∙▒▒∙∙∙∙▒∙∙
▒∙∙∙∙∙∙▒▒∙∙∙∙∙▒
▒∙∙∙<∙∙∙∙∙?∙∙▒▒
▒▒▒▒'▒▒~∙∙∙▒∙∙▒∙∙
▒∙▒▒∙∙†∙∙∙∙∙∙∙
▒∙∙∙▒∙Qk∙∙∙▒∙
▒▒▒▒∙∙∙Y∙∙▒▒
∙∙∙∙∙∙∙∙∙∙▒
∙∙∙∙∙∙▒∙∙∙∙▒∙▒


∙∙∙∙∙(∙∙∙∙∙∙∙∙∙ ∙∙∙∙∙∙∙▒∙∙∙∙∙▒▒ ∙∙∙∙?∙∙▒▒∙∙∙∙∙∙ ∙∙∙∙∙∙∙▒ ▒~~∙∙∙ You could see a
rime drake (unable to see you, catching breath) and an ice beast (unable to see
you).

Vanquished Creatures
  A hornet (D:9)
  4 water moccasins
  Duvessa (D:5)
  4 ice beasts
  5 orc warriors
  3 ogres
  3 wolves (D:9)
  A centaur (D:8)
  A kobold brigand (D:6)
  4 bullfrogs
  3 scorpions
  4 wights (D:8)
  Dowan (D:5)
  4 howler monkeys
  5 hounds
  4 orc priests
  4 jellies
  2 sleepcaps
  3 iguanas
  4 orc wizards
  6 gnolls
  5 adders
  3 shadow imps
  3 white imps
  An ufetubus (D:5)
  4 worms
  22 orcs
  6 bats
  5 endoplasms
  2 giant cockroaches
  A goblin (D:1)
  9 hobgoblins
  2 quokkas
  6 ball pythons
  7 frilled lizards
  8 kobolds
  5 rats
156 creatures vanquished.

Notes
Turn   | Place    | Note
-------+----------+-------------------------------------------
     0 | D:1      | Zeor the Tengu Hunter began the quest for the Orb.
     0 | D:1      | Reached XP level 1. HP: 12/12 MP: 2/2
   169 | D:1      | Reached XP level 2. HP: 12/17 MP: 3/3
   447 | D:1      | Reached skill level 5 in Ranged Weapons
   656 | D:2      | Reached XP level 3. HP: 12/21 MP: 4/4
  1558 | D:3      | Reached skill level 1 in Armour
  1572 | D:3      | Reached skill level 1 in Short Blades
  1572 | D:3      | Reached XP level 4. HP: 11/26 MP: 5/5
  1885 | D:3      | Found a hide-covered altar of Uskayaw.
  1885 | D:3      | Found a shimmering altar of Xom.
  1885 | D:3      | Found an ancient bone altar of Kikubaaqudgha.
  1896 | D:3      | Learned a level 1 spell: Apportation
  1901 | D:3      | Identified a scroll of acquirement
  1901 | D:3      | Acquired the scarf "Cekhlunuy" {+Inv, rPois}
  1946 | D:3      | Noticed a water moccasin
  1986 | D:3      | Killed a water moccasin
  1987 | D:3      | Reached skill level 6 in Ranged Weapons
  1987 | D:3      | Gained mutation: Your magical nature lets you fly swiftly
                  | and evasively. [Tengu growth]
  1987 | D:3      | Reached XP level 5. HP: 32/32 MP: 6/6
  2489 | D:4      | Reached XP level 6. HP: 16/37 MP: 7/7
  3803 | D:5      | Entered Level 5 of the Dungeon
  3842 | D:5      | Found a staircase to the Ecumenical Temple.
  3860 | Temple   | Entered the Ecumenical Temple
  4031 | Temple   | Became a worshipper of Warmaster Okawaru
  4072 | D:5      | Reached XP level 7. HP: 42/42 MP: 8/8
  4112 | D:5      | Noticed Dowan
  4115 | D:5      | Noticed Duvessa
  4132 | D:5      | Killed Duvessa
  4133 | D:5      | Reached skill level 7 in Ranged Weapons
  4141 | D:5      | Killed Dowan
  4253 | D:5      | Reached XP level 8. HP: 48/48 MP: 9/9
  4263 | D:5      | Reached * piety under Okawaru
  4504 | D:6      | Reached skill level 8 in Ranged Weapons
  4712 | D:6      | Reached skill level 5 in Fighting
  4737 | D:6      | Identified the +7 dagger of Vanemm {speed, rF+}
  5228 | D:6      | Reached ** piety under Okawaru
  5229 | D:6      | Reached skill level 5 in Dodging
  5349 | D:6      | Reached XP level 9. HP: 55/55 MP: 10/10
  5460 | D:7      | Reached skill level 9 in Ranged Weapons
  5609 | D:7      | Found a hazy altar of Hepliaklqana.
  6449 | D:8      | Found Egifaev's Mass Market.
  6513 | D:8      | Reached *** piety under Okawaru
  6524 | D:8      | Reached skill level 5 in Short Blades
  6524 | D:8      | Reached skill level 10 in Ranged Weapons
  6803 | D:8      | Reached XP level 10. HP: 63/63 MP: 11/11
  6868 | D:8      | Found a radiant altar of Vehumet.
  7048 | D:9      | Killed from afar by a rime drake

Illustrated notes

Levels and vault maps discovered:
D:1:      minmay_arrival_four_circles, layout_basic, serial_park_tiny_2,
          kennysheep_decorative_pillar
D:2:      layout_basic
D:3:      kennysheep_big_flooded_room, layout_rooms,
          gammafunk_temple_overflow_forgotten
D:4:      layout_layer_cave
D:5:      layout_rooms, minmay_temple_entry_mini_moons, uniq_duvessa
D:6:      layout_basic, grunt_ministairs_7, hangedman_decor_lopped,
          grunt_tough_drop
D:7:      layout_basic, nzn_hepliaklqana_mist_gate
D:8:      layout_cave_pools, mainiacjoe_overflow_chevrons, minmay_shop_mass,
          chequers_serial_rivers_small_3
D:9:      layout_roguey, hellmonk_lair_entry_icy, gammafunk_ghost_icy
Temple:   bh_familiar_temple

Skill      XL: |  1  2  3  4  5  6  7  8  9 |
---------------+----------------------------+-----
Ranged Weapons | 5 6 7 8 10 | 10.8
Armour         | 1 2 3 |  3.2
Short Blades   | 1 2 4 5 |  5.1
Fighting       | 3 4 5 7 |  7.7
Dodging        | 3 4 5 6 |  6.4
Stealth        | 2 |  2.4

Action                     |  1- 3 |  4- 6 |  7- 9 | 10-12 || total
---------------------------+-------+-------+-------+-------++-------
  Melee: Dagger            |    19 |    55 |   101 |    20 ||   195
         Peck              |     2 |     7 |    31 |     6 ||    46
         Kick              |     4 |    10 |    47 |     7 ||    68
         Short sword       |       |       |    49 |       ||    49
         Punch             |       |       |     5 |     2 ||     7
   Fire: Shortbow          |    72 |    73 |   136 |       ||   281
         Arbalest          |       |       |    49 |    12 ||    61
 Invoke: Heroism           |       |       |     1 |       ||     1
    Use: Scroll            |     7 |     3 |     5 |       ||    15
         Potion            |       |     4 |     2 |     2 ||     8
   Stab: Invisible         |       |     1 |       |       ||     1
 Armour: Leather armour    |     7 |    15 |    12 |     2 ||    36
  Dodge: Dodged            |    23 |    35 |   113 |    10 ||   181
